Unix NetHack Version 5.0.0-0 post-release - last build Jul 14 2026 02:55:29 (1809b74e8187c3a3585e283601c3028b46cbbdcb,branch:main).

Game began 2026-07-18 07:42:00, ended 2026-07-19 05:10:33.

1234561, lawful female human Valkyrie

                      --------------                        ---------
                      |............|                        |.......|
                     #.............|                       #........|
                     #---------.----                       #|.......|
                     #         #                        ####|.......|
                     #      ####                        #   |.......|
                     #      #               --------- ###   -----.---
                    B@      %#              |.......| #          #
                   #     ---|-------      ##-........##        ##(
           --------#     |....?.....########|...<...|          #
           |...../.####  |.........|   #####---------         ##
           |.....>|#  #)#..........|   #   #                  #
           |.......#     |.........|#####                    #######
           --|-.---      |.......(.-#####                    -.--.-.----
             ###         -----------#                        |.........|
               ##                                            |.........|
                                                             |.........|
                                                             -----------

1234561 the Skirmisher      St:18/03 Dx:13 Co:18 In:9 Wi:7 Ch:7  Lawful
Dlvl:3  $:37 HP:0(28) Pw:8(8) AC:0  Xp:3 T:1678 

Latest messages:
 The giant bat bites!
 In what direction? 2
 The giant bat blocks the way!
 The giant bat bites!
 The giant bat bites!
 Are you sure you want to pray? [yn] (n) y
 You begin praying to Tyr.
 You are surrounded by a shimmering light.
 The giant bat starts to attack you, but pulls back.
 The giant bat starts to attack you, but pulls back.
 The giant bat starts to attack you, but pulls back.
 The giant bat starts to attack you, but pulls back.
 The giant bat starts to attack you, but pulls back.
 The giant bat starts to attack you, but pulls back.
 You finish your prayer.
 You feel that Tyr is well-pleased.
 You feel much better.
 The giant bat bites!
 The giant bat bites!
 The giant bat bites!
 The giant bat just misses!
 You see here an orcish dagger.
 The giant bat bites!
 The dwarf zombie misses!
 You hit the dwarf zombie!
 The giant bat misses!
 The dwarf zombie hits!
 The giant bat bites!
 You destroy the dwarf zombie!
 The giant bat misses!
 You see here a dwarf corpse.
 The giant bat just misses!
 The giant bat bites!
 The giant bat bites!
 The giant bat misses!
 The giant bat misses!
 The giant bat bites!
 The giant bat misses!
 The giant bat bites!
 The giant bat bites!
 The giant bat misses!
 The giant bat misses!
 You miss the giant bat.
 The giant bat misses!
 The giant bat misses!
 You miss the giant bat.
 The giant bat bites!
 The giant bat bites!
 You die...
 Do you want your possessions identified? [ynq] (y) q

Inventory:
 Coins    ('$')
  $ - 37 gold pieces
 Weapons  (')')
  b - a +0 dagger
  m - a +0 orcish dagger
  a - a +1 spear (weapon in right hand)
 Armor    ('[')
  n - an uncursed +0 orcish helm
  c - an uncursed +3 small shield (being worn)
  l - an uncursed +0 splint mail (being worn)
 Comestibles  ('%')
  q - an uncursed pancake
 Scrolls  ('?')
  h - an uncursed scroll of enchant armor
 Spellbooks  ('+')
  p - an uncursed spellbook of cure blindness
 Potions  ('!')
  e - an uncursed potion of hallucination
 Rings    ('=')
  i - an uncursed ring of regeneration

1234561 the Valkyrie's attributes:

Background:
 You were a Skirmisher, a level 3 human Valkyrie.
 You were lawful, on a mission for Tyr
 who was opposed by Odin (neutral) and Loki (chaotic).
 You were right-handed.
 You were in the Dungeons of Doom, on level 3.
 You entered the dungeon 1678 turns ago.
 It was nighttime.
 You had 75 experience points, 5 more were needed to attain level 4.

Basics:
 You had 0 out of 28 hit points.
 You had all 8 energy points (spell power).
 Your armor class was 0.
 Your wallet contained 37 zorkmids.
 Autopickup was off.

Final Characteristics:
 Your strength was 18/03 (limit:18/100).
 Your dexterity was 13 (limit:18).
 Your constitution was 18 (limit:18).
 Your intelligence was 9 (limit:18).
 Your wisdom was 7 (limit:18).
 Your charisma was 7 (limit:18).

Final Status:
 You weren't hungry.
 You were unencumbered.
 You were wielding a spear.
 You had basic skill with spear.

Final Attributes:
 You were devoutly aligned.
 You were cold resistant.
 You were stealthy.
 You were warded.
 You are dead.

Miscellaneous:
 You didn't encounter any bones levels.
 Total elapsed playing time was 1 hour, 50 minutes and 10 seconds.

Major events:
 Turn
    1: 1234561 the lawful human Valkyrie entered the dungeon
  749: attained the rank of Skirmisher (level 3)
 1678: killed by a giant bat

You didn't know any spells.

Skills:
 Fighting Skills
   bare handed combat [Unskilled]
   two weapon combat  [Unskilled]
   riding             [Unskilled]
 Weapon Skills
   dagger             [Basic]
   axe                [Unskilled]
   pick-axe           [Unskilled]
   short sword        [Unskilled]
   broadsword         [Unskilled]
   long sword         [Unskilled]
   two-handed sword   [Unskilled]
   saber              [Unskilled]
   hammer             [Unskilled]
   quarterstaff       [Unskilled]
   polearms           [Unskilled]
   spear              [Basic]
   trident            [Unskilled]
   lance              [Unskilled]
   sling              [Unskilled]
 Spellcasting Skills
   attack spells      [Unskilled]
   escape spells      [Unskilled]

Voluntary challenges:
 Character rerolling was not enabled.
 You were illiterate.
 You never genocided any monsters.
 You never polymorphed an object.
 You never changed form.
 You used no wishes.
Achievements:
 You entered a shop.
 You attained the rank of Skirmisher.

 The Dungeons of Doom: levels 1 to 3
    Level 1:
       Some fountains.
    Level 2:
       A ring shop, a fountain, a sink.
    Level 3: <- You were here.
       Final resting place for
          you, killed by a giant bat.


Vanquished creatures:
  a dwarf zombie
  a werejackal
  6 giant rats
  a cave spider
  4 jackals
  4 goblins
  2 sewer rats
  3 grid bugs
  2 lichens
  a kobold zombie
  6 newts
31 creatures vanquished.

No species were genocided or became extinct.

Game over:
                       ----------
                      /          \
                     /    REST    \
                    /      IN      \
                   /     PEACE      \
                  /                  \
                  |     1234561      |
                  |      37 Au       |
                  |   killed by a    |
                  |    giant bat     |
                  |                  |
                  |                  |
                  |       2026       |
                 *|     *  *  *      | *
        _________)/\\_//(\/(/\)/\//\/|_)_______

Farvel 1234561 the Valkyrie...

You died in The Dungeons of Doom on dungeon level 3 with 434 points,
and 37 pieces of gold, after 1678 moves.
You were level 3 with a maximum of 28 hit points when you died.

